 Dungeon Crawl Stone Soup version 0.29-a0-40-g8eb35efe60 (webtiles) character file.

Game seed: 3953097532366732712

2468 lunkers the Destroyer (level 9, -5/45 HPs)
             Began as a Deep Elf Earth Elementalist on Feb 1, 2022.
             Was a Follower of Vehumet.
             Slain by a boulder beetle (17 damage)
             ... on level 7 of the Dungeon on Feb 2, 2022.
             The game lasted 00:16:24 (10368 turns).

lunkers the Destroyer (DEEE)                       Turns: 10368, Time: 00:16:25

Health: -5/45      AC:  2    Str:  5    XL:     9   Next: 26%
Magic:  6/23       EV: 16    Int: 25    God:    Vehumet [*.....]
Gold:   294        SH:  0    Dex: 15    Spells: 19/25 levels left

rFire   . . .      SeeInvis .   n - +2 short sword (drain)
rCold   + . .      Faith    .   (no shield)
rNeg    . . .      Spirit   .   b - +0 robe
rPois   .          Reflect  .   (no helmet)
rElec   .          Harm     .   (no cloak)
rCorr   .          Rampage  .   (no gloves)
Will    .....                   (no boots)
Stlth   ++........              q - amulet of the acrobat
HPRegen 0.15/turn               p - ring of protection from cold
MPRegen 0.18/turn               e - +4 ring of evasion

@: no status effects
A: no striking features
a: Renounce Religion


You were on level 7 of the Dungeon.
You worshipped Vehumet.
Vehumet was aware of your devotion.
You visited 2 branches of the dungeon, and saw 8 of its levels.
You also visited: Ossuary.

You collected 294 gold pieces.

Inventory:

Hand Weapons
 j - a +0 dagger of draining
 n - a +2 short sword of draining (weapon)
Missiles
 m - 18 stones
 B - 2 throwing nets
Armour
 b - a +0 robe (worn)
Jewellery
 e - a +4 ring of evasion (right hand)
 p - a ring of protection from cold (left hand)
 q - an amulet of the acrobat (around neck)
Wands
 c - a wand of acid (13)
 f - a wand of paralysis (14)
 i - a wand of digging (4)
Scrolls
 a - 4 scrolls of teleportation
 h - 2 scrolls of immolation {unknown}
 k - 4 scrolls of magic mapping
 r - 2 scrolls of enchant armour {unknown}
 u - 2 scrolls of fear {unknown}
 v - 2 scrolls of summoning {unknown}
 w - a scroll of fog {unknown}
 y - 2 scrolls of blinking {unknown}
 D - a scroll of brand weapon {unknown}
Potions
 d - 5 potions of haste
 g - a potion of ambrosia
 l - a potion of lignification
 o - 2 potions of resistance
 s - 2 potions of brilliance
 t - 3 potions of heal wounds
 x - a potion of curing
 z - a potion of cancellation {unknown}
 A - 2 potions of invisibility
 C - a potion of attraction {unknown}


   Skills:
 + Level 0.2 Fighting
 + Level 2.6 Dodging
 - Level 2.4 Stealth
 + Level 8.7 Spellcasting
 * Level 9.1 Conjurations
 - Level 1.1 Transmutations
 - Level 8.2 Earth Magic


You had 19 spell levels left.
You knew the following spells:

 Your Spells              Type           Power      Damage    Failure   Level
a - Stone Arrow           Conj/Erth      100%       3d13      1%          3
b - Passwall              Tmut/Erth      28%        N/A       1%          2
c - Sandblast             Erth           100%       2d20      1%          1

Your spell library contained the following spells:

 Spells                   Type           Power      Damage    Failure   Level
 Foxfire                  Conj/Fire      100%       2x1d9     1%          1
 Magic Dart               Conj           100%       1d8       1%          1
 Static Discharge         Conj/Air       33%        N/A       1%          2
 Dazzling Flash           Conj/Hex       66%        N/A       2%          3
 Mephitic Cloud           Conj/Pois/Air  26%        N/A       4%          3
 Call Imp                 Summ           10%        N/A       9%          2
 Corpse Rot               Necr/Air       20%        N/A       9%          2
 Petrify                  Tmut/Erth      34%        N/A       9%          4
 Sticky Flame             Conj/Fire      33%        2d5       9%          4
 Ignite Poison            Fire/Tmut/Pois 12%        N/A       14%         3
 Confusing Touch          Hex            10%        N/A       17%         3
 Gell's Gravitas          Tloc           10%        N/A       17%         3
 Lesser Beckoning         Tloc           10%        N/A       17%         3
 Teleport Other           Tloc           10%        N/A       17%         3
 Airstrike                Air            5%         N/A       50%         4
 Dispel Undead            Necr           10%        3d9       50%         4
 Yara's Violent Unravell  Hex/Tmut       6%         3d5       77%         5
 Statue Form              Tmut/Erth      22%        N/A       77%         6
 Agony                    Necr           10%        N/A       83%         5
 Metabolic Englaciation   Hex/Ice        5%         N/A       83%         5
 Silence                  Hex/Air        5%         N/A       83%         5
 Enfeeble                 Hex            5%         N/A       100%        7


Dungeon Overview and Level Annotations

Branches:
Dungeon (7/15)             Temple (1/1) D:5         Ossuary (visited)

Altars:
Cheibriados
Dithmenos
Elyvilon
Hepliaklqana
Kikubaaqudgha
Makhleb
Okawaru
Qazlal
Ru
Sif Muna
Trog
Vehumet
Wu Jian
Xom
Yredelemnul
Zin
The Shining One

Shops:
D:1 [   D:5 ::?*   D:6 (!=

Annotations:
D:5 3 runed translucent doors, AssBlaster9000's ghost, novice MiBe; dracfodder's ghost, novice GrBe


Message History

The boulder beetle is lightly wounded.
The boulder beetle curls into a ball and begins rolling!
Casting: Stone Arrow (safe; 1% risk of failure)
Confirm with . or Enter, or press ? or * to list all spells.
The stone arrow hits the boulder beetle!
The boulder beetle is moderately wounded.
Casting: Stone Arrow (safe; 1% risk of failure)
Confirm with . or Enter, or press ? or * to list all spells.
The stone arrow hits the boulder beetle!
The boulder beetle is moderately wounded.
The boulder beetle hits you!!
Ouch! That really hurt!
* * * LOW HITPOINT WARNING * * *
The boulder beetle stops rolling and uncurls.
Casting: Stone Arrow (safe; 1% risk of failure)
Confirm with . or Enter, or press ? or * to list all spells.
Aiming: Stone Arrow (safe; 1% risk of failure)
Press: ? - help, Shift-Dir - straight line, f/p - boulder beetle
Aim: a boulder beetle (moderately wounded, 100% to hit)
The stone arrow hits the boulder beetle!
The boulder beetle is heavily wounded.
The boulder beetle bites you but does no damage.
Casting: Stone Arrow (safe; 1% risk of failure)
Confirm with . or Enter, or press ? or * to list all spells.
Aiming: Stone Arrow (safe; 1% risk of failure)
Press: ? - help, Shift-Dir - straight line, f/p - boulder beetle
Aim: a boulder beetle (heavily wounded, 100% to hit)
The stone arrow hits the boulder beetle!
The boulder beetle is heavily wounded.
The boulder beetle completely misses you.
Casting: Stone Arrow (safe; 1% risk of failure)
Confirm with . or Enter, or press ? or * to list all spells.
Aiming: Stone Arrow (safe; 1% risk of failure)
Press: ? - help, Shift-Dir - straight line, f/p - boulder beetle
Aim: a boulder beetle (heavily wounded, 100% to hit)
The stone arrow hits the boulder beetle but does no damage.
The boulder beetle is heavily wounded.
* * * LOW MAGIC WARNING * * *
The boulder beetle bites you!
You die...

...........'......
..........#......
#.......##...##
##########.......##...#
#.....................#
#.....................#
#.....................#
#.....................#
#+####@######+######+#
#.B# #... #.... #.....
#.....≈ ####..≈. ..≈.#


You could see a boulder beetle.

Vanquished Creatures
  Prince Ribbit (D:6)
  2 water moccasins
  Duvessa (D:5)
  An orc warrior (D:6)
  2 sky beasts
  A necrophage (D:4)
  3 ogres (D:4)
  2 centaurs
  A kobold brigand (D:6)
  A bullfrog (D:7)
  2 water moccasin zombies (D:5)
  Dowan (D:5)
  2 howler monkeys (D:6)
  2 centaur zombies
  A human zombie (Ossuary)
  3 bullfrog zombies
  A hound (D:5)
  A bullfrog skeleton (D:6)
  2 centaur skeletons
  A gnoll shaman (D:5)
  An orc wizard (D:7)
  Ijyb (D:3)
  2 iguanas (D:6)
  A hound zombie (D:5)
  3 mummies
  2 howler monkey zombies (D:5)
  12 gnolls
  6 adders
  A white imp (D:5)
  2 adder zombies (D:5)
  2 worms
  2 dart slugs
  12 orcs
  3 endoplasms
  6 giant cockroaches
  8 goblins
  5 hobgoblins
  10 jackals
  15 kobolds
  5 quokkas
  5 ball pythons
  4 bats
  4 frilled lizards
  3 goblin zombies (Ossuary)
  4 hobgoblin zombies
  A jackal skeleton (D:3)
  A kobold zombie (Ossuary)
  3 rats (D:2)
155 creatures vanquished.

Vanquished Creatures (others)
  A withered plant (D:3)
1 creature vanquished.

Grand Total: 156 creatures vanquished

Notes
Turn   | Place    | Note
-------+----------+-------------------------------------------
     0 | D:1      | lunkers the Deep Elf Earth Elementalist began the quest for
                  | the Orb.
     0 | D:1      | Reached XP level 1. HP: 10/10 MP: 6/6
   282 | D:1      | Noticed a floating eye
   286 | D:1      | Noticed a shining eye
   288 | D:1      | Found a faded altar of an unknown god.
   289 | D:1      | Noticed a great orb of eyes
   289 | D:1      | Noticed a floating eye
   604 | D:1      | Reached XP level 2. HP: 15/15 MP: 6/8
   685 | D:1      | Learned a level 2 spell: Passwall
  1000 | D:1      | Found Qabik's Antique Armour Shop.
  1490 | D:1      | Reached XP level 3. HP: 12/19 MP: 10/10
  1494 | D:1      | Learned a level 3 spell: Stone Arrow
  1918 | D:2      | Reached skill level 1 in Conjurations
  1924 | D:2      | Reached XP level 4. HP: 15/24 MP: 2/12
  2809 | D:3      | Noticed Ijyb
  2903 | D:3      | Killed Ijyb
  2904 | D:3      | Reached skill level 2 in Conjurations
  3283 | D:3      | Reached skill level 5 in Earth Magic
  3675 | D:3      | Reached XP level 5. HP: 20/28 MP: 1/13
  4379 | D:3      | Found a burning altar of Makhleb.
  4613 | D:4      | Found a sand-covered staircase.
  4614 | D:4      | Noticed a necrophage
  4622 | D:4      | Killed a necrophage
  4623 | D:4      | Reached skill level 3 in Conjurations
  4712 | Ossuary  | Entered an ossuary
  4806 | Ossuary  | Reached XP level 6. HP: 29/32 MP: 0/15
  4989 | Ossuary  | Reached skill level 5 in Spellcasting
  5365 | D:4      | Reached skill level 4 in Conjurations
  5602 | D:4      | Reached XP level 7. HP: 36/36 MP: 3/17
  5720 | D:4      | Got the Collected Works on Cloudy Heat
  5725 | D:4      | Found a shadowy altar of Dithmenos.
  6673 | D:5      | Entered Level 5 of the Dungeon
  6677 | D:5      | Found a runed translucent gate.
  6710 | D:5      | Reached skill level 5 in Conjurations
  6828 | D:5      | Found a basalt altar of Yredelemnul.
  7121 | D:5      | Found Ompom's Magic Scroll Shoppe.
  7125 | D:5      | Found Wausuz's Book Shoppe.
  7217 | D:5      | Noticed Dowan
  7234 | D:5      | Noticed Duvessa
  7240 | D:5      | Killed Duvessa
  7241 | D:5      | Reached XP level 8. HP: 27/41 MP: 9/19
  7243 | D:5      | Killed Dowan
  7502 | D:5      | Reached skill level 6 in Conjurations
  7601 | D:5      | Found a staircase to the Ecumenical Temple.
  7616 | Temple   | Entered the Ecumenical Temple
  7828 | Temple   | Became a worshipper of Vehumet
  7881 | D:5      | Found Kuykaf Koad's Book Shop.
  8316 | D:5      | Reached skill level 7 in Conjurations
  8497 | D:5      | Found a runed translucent gate.
  8497 | D:5      | Found a runed translucent gate.
  8499 | D:5      | Noticed dracfodder's ghost (novice GrBe)
  8499 | D:5      | Noticed AssBlaster9000's ghost (novice MiBe)
  8622 | D:5      | Found Niseag's Assorted Antiques.
  8948 | D:6      | Found a white marble altar of Elyvilon.
  8968 | D:6      | Found Tihi's Jewellery Boutique.
  8970 | D:6      | Found Zunkael's Distillery.
  8972 | D:6      | Found Vinuguj's Weapon Boutique.
  9190 | D:6      | Found a sacrificial altar of Ru.
  9201 | D:6      | Reached skill level 8 in Conjurations
  9577 | D:6      | Reached XP level 9. HP: 45/45 MP: 7/23
  9846 | D:6      | Noticed Prince Ribbit
  9850 | D:6      | Killed Prince Ribbit
 10101 | D:6      | Reached skill level 9 in Conjurations
 10101 | D:6      | Reached * piety under Vehumet
 10101 | D:6      | Offered knowledge of Foxfire by Vehumet.
 10361 | D:7      | Noticed a boulder beetle
 10368 | D:7      | Slain by a boulder beetle

Illustrated notes

Levels and vault maps discovered:
D:1:      tarquinn_simple_flora_water_f, layout_loops_ring,
          hellmonk_ecumenical_altar_watching_god, serial_shops,
          nicolae_lakefront_shop, serial_aquarium, aquarium_bridge_straight
          [aquarium_subvault_bridge, aquarium_subvault_window,
          aquarium_subvault_bridge, aquarium_subvault_window],
          aquarium_window_3, aquarium_window_fake, aquarium_window_2,
          aquarium_view_2c, aquarium_view_2d, aquarium_balcony_1a
D:2:      layout_loops_ring, grunt_ministairs_6
D:3:      layout_loops_ring, mainiacjoe_overflow_alcove_1, serial_undead,
          serial_undead_a, serial_undead_d, serial_undead_e, serial_undead_b,
          uniq_ijyb
D:4:      layout_loops_cross, lemuel_tele_altar, nicolae_ossuary_entry_giza
D:5:      layout_basic, nicolae_yredelemnul_corpse_copse,
          minmay_temple_entry_purple_smoke, serial_shops, nicolae_shop_crystal,
          nicolae_lakefront_shop, shop, nicolae_shop_stone,
          gammafunk_ghost_cemetery, minmay_between, uniq_duvessa
D:6:      layout_gridville, mainiacjoe_overflow_surrounded_room,
          mainiacjoe_overflow_cross_hatched, minmay_misc_feat_secret_circle,
          grunt_decor_one_mirror, nicolae_wooded_promenade,
          ebering_dispersal_statue_hall, uniq_prince_ribbit1
D:7:      layout_gridville, mainiacjoe_overflow_brackets, uniq_menkaure
Temple:   hc_temple_tempest_star

Skill      XL: |  1  2  3  4  5  6  7  8  9 |
---------------+----------------------------+-----
Earth Magic    | 4 5 6 7 8 |  8.2
Conjurations   | 1 2 3 4 5 8 9 |  9.1
Spellcasting   | 4 5 6 8 |  8.7
Fighting       | |  0.2
Dodging        | |  2.6
Stealth        | |  2.4
Transmutations | |  1.1

Action                   |  1- 3 |  4- 6 |  7- 9 || total
-------------------------+-------+-------+-------++-------
Melee: Unarmed           |     6 |       |       ||     6
       Dagger            |    12 |    70 |       ||    82
       Short sword       |       |    10 |    20 ||    30
       Punch             |       |     2 |     2 ||     4
 Cast: Sandblast         |    30 |       |     3 ||    33
       Passwall          |     1 |       |       ||     1
       Stone Arrow       |     9 |    77 |   128 ||   214
  Use: Scroll            |       |     1 |    12 ||    13
 Stab: Sleeping          |     1 |       |       ||     1
Armor: Robe              |     4 |    20 |    13 ||    37
Dodge: Dodged            |    18 |    96 |    47 ||   161

Table legend: (Time is in decaauts)
 A = Elapsed time spent in this place.
 B = Non-inter-level travel time spent in this place.
 C = Inter-level travel time spent in this place.
 D = Time resting spent in this place.
 E = Time spent auto-exploring this place.
 F = Levels seen in this place.
 G = Mean time per level.
                   A        B        C        D        E       F      G
               +--------+--------+--------+--------+--------+-----+--------+
         Total |  10374 |  10039 |    335 |   1075 |   7812 |   9 | 1152.7 |
       Dungeon |   9531 |   9236 |    295 |    911 |   7288 |   7 | 1361.6 |
        Temple |    227 |    187 |     40 |      0 |    174 |   1 |  227.0 |
       Ossuary |    615 |    615 |      0 |    164 |    350 |   1 |  615.0 |
               +--------+--------+--------+--------+--------+-----+--------+

Top non-repeatable levels by time:
     D:2: 1851 daAuts
     D:5: 1814 daAuts
     D:6: 1554 daAuts
     D:3: 1531 daAuts
     D:4: 1360 daAuts
     D:1: 1320 daAuts
 Ossuary: 615 daAuts
  Temple: 227 daAuts
     D:7: 98 daAuts
